[ AOE2 MATCH · #484635232 ]
UnrankedTatars vs Wu
[ REPLAY ANALYSIS · EXTRACTED FROM THE RECORDED GAME ]
Feudal
—
Castle
—
Imperial
—
| APM avg | 28.5 |
| APM peak | 50 |
| eAPM avg | 13.1 |
| Villagers / military | 0 / 928 |
Focus
⚔️ 97.1% · 🌾 2.9%
Keshik ×828 · Battering Ram ×100
Feudal
—
Castle
—
Imperial
—
| APM avg | 9.6 |
| APM peak | 37 |
| eAPM avg | 4.8 |
| Villagers / military | 0 / 593 |
Focus
⚔️ 94.4% · 🌾 5.6%
Janissary ×593
Feudal
—
Castle
—
Imperial
—
| APM avg | 53.0 |
| APM peak | 95 |
| eAPM avg | 35.1 |
| Villagers / military | 15 / 2122 |
Focus
⚔️ 97.6% · 🌾 2.4%
Mangudai ×1666 · Battering Ram ×456
Feudal
—
Castle
—
Imperial
—
| APM avg | 32.9 |
| APM peak | 90 |
| eAPM avg | 19.1 |
| Villagers / military | 30 / 1001 |
Focus
⚔️ 89.9% · 🌾 10.1%
Throwing Axeman ×1001
Feudal
—
Castle
—
Imperial
—
| APM avg | 17.5 |
| APM peak | 43 |
| eAPM avg | 6.2 |
| Villagers / military | 21 / 907 |
Focus
⚔️ 93.9% · 🌾 6.1%
Obuch ×907
Feudal
—
Castle
—
Imperial
—
| APM avg | 34.7 |
| APM peak | 69 |
| eAPM avg | 5.3 |
| Villagers / military | 0 / 118 |
Focus
⚔️ 96.6% · 🌾 3.4%
Samurai ×118
Feudal
—
Castle
—
Imperial
—
| APM avg | 11.1 |
| APM peak | 74 |
| eAPM avg | 5.4 |
| Villagers / military | 0 / 0 |
Focus
⚔️ 90.8% · 🌾 9.2%
Unknown (1968) ×254 · Unknown (1978) ×60
Feudal
—
Castle
—
Imperial
—
| APM avg | 14.7 |
| APM peak | 32 |
| eAPM avg | 11.7 |
| Villagers / military | 0 / 865 |
Focus
⚔️ 95.9% · 🌾 4.1%
Berserk ×865
Match map
Initial resources + every placement click. Lines = walls · curves = elevation contours. ◆ gold · ⬟ stone · ● berries · ✦ relic · ◌ wall gap
Your base· Open — unwalled flank
Kor's base· Open — unwalled flank
BøM_達達's base· Open — unwalled flank
中华小当家noobkill's base· Open — unwalled flank
Powerin's base· Open — unwalled flank
Jaycoolson's base· Open — unwalled flank
开心就好's base· Open — unwalled flank
'The Grinch''s base· Open — unwalled flank
Smoothed initial terrain · ◌ = detected wall gap · hover for details
Inputs per minute
— Tiger1 - - Kor
Build order — Tiger1
First 150 of 239 actions detected
| 0:12 | Research | Silk Armor |
| 0:12 | Create | Keshik ×5 |
| 0:12 | Create | Keshik ×5 |
| 0:13 | Create | Keshik ×5 |
| 0:13 | Create | Keshik ×5 |
| 0:15 | Research | Chain Barding Armor |
| 0:16 | Research | Iron Casting |
| 0:22 | Research | Ballistics |
| 0:23 | Research | Leather Archer Armor |
| 0:23 | Research | Bodkin Arrow |
| 0:25 | Create | Keshik ×5 |
| 0:25 | Create | Keshik ×5 |
| 0:26 | Create | Keshik ×5 |
| 0:26 | Create | Keshik ×5 |
| 0:26 | Create | Keshik ×5 |
| 0:26 | Create | Keshik ×5 |
| 0:27 | Create | Keshik ×5 |
| 0:27 | Create | Keshik ×5 |
| 0:27 | Create | Keshik ×4 |
| 0:37 | Create | Keshik ×3 |
| 1:08 | Create | Keshik ×5 |
| 1:08 | Create | Keshik ×2 |
| 1:09 | Create | Keshik |
| 1:56 | Create | Keshik ×5 |
| 1:57 | Create | Keshik ×5 |
| 1:57 | Create | Keshik |
| 2:46 | Create | Keshik ×5 |
| 2:46 | Create | Keshik ×5 |
| 2:46 | Create | Keshik ×2 |
| 3:56 | Create | Keshik ×5 |
| 3:56 | Create | Keshik ×5 |
| 3:56 | Create | Keshik ×5 |
| 3:57 | Create | Keshik |
| 3:57 | Create | Keshik |
| 3:59 | Create | Keshik |
| 6:01 | Create | Keshik ×5 |
| 6:02 | Create | Keshik ×5 |
| 6:02 | Create | Keshik ×5 |
| 6:02 | Create | Keshik ×5 |
| 6:03 | Create | Keshik ×5 |
| 6:03 | Create | Keshik ×5 |
| 6:03 | Create | Keshik ×3 |
| 6:23 | Research | Elite Keshik (upgrade) |
| 6:24 | Research | Timurid Siegecraft |
| 6:32 | Research | Timurid Siegecraft |
| 6:33 | Research | Conscription |
| 6:35 | Research | Plate Barding Armor |
| 6:36 | Research | Blast Furnace |
| 6:59 | Research | Elite Keshik (upgrade) |
| 6:59 | Research | Timurid Siegecraft |
| 7:00 | Research | Conscription |
| 7:15 | Create | Keshik ×5 |
| 7:15 | Create | Keshik ×5 |
| 7:15 | Create | Keshik ×5 |
| 7:16 | Create | Keshik ×5 |
| 7:16 | Create | Keshik ×5 |
| 7:16 | Create | Keshik ×5 |
| 7:17 | Create | Keshik ×5 |
| 7:17 | Create | Keshik ×5 |
| 7:17 | Create | Keshik ×5 |
| 7:17 | Create | Keshik |
| 7:18 | Create | Keshik |
| 7:54 | Create | Keshik ×5 |
| 8:00 | Create | Keshik |
| 8:15 | Create | Keshik ×5 |
| 8:16 | Create | Keshik |
| 8:16 | Create | Keshik |
| 8:47 | Create | Keshik ×5 |
| 8:47 | Create | Keshik ×5 |
| 9:46 | Research | Blast Furnace |
| 9:46 | Research | Bracer |
| 9:47 | Research | Ring Archer Armor |
| 9:48 | Research | Chemistry |
| 9:50 | Create | Keshik ×5 |
| 9:50 | Create | Keshik ×5 |
| 9:51 | Create | Keshik ×5 |
| 9:51 | Create | Keshik ×5 |
| 9:51 | Create | Keshik ×5 |
| 9:52 | Create | Keshik ×3 |
| 11:08 | Create | Keshik ×5 |
| 11:09 | Create | Keshik ×5 |
| 11:09 | Create | Keshik ×5 |
| 11:09 | Create | Keshik ×5 |
| 11:10 | Create | Keshik ×5 |
| 11:10 | Create | Keshik ×5 |
| 11:10 | Create | Keshik ×3 |
| 11:48 | Create | Keshik ×5 |
| 11:48 | Create | Keshik ×5 |
| 11:49 | Create | Keshik ×3 |
| 11:49 | Create | Keshik ×3 |
| 12:08 | Create | Keshik |
| 12:09 | Create | Keshik ×5 |
| 12:09 | Create | Keshik ×5 |
| 15:52 | Create | Keshik ×5 |
| 15:52 | Create | Keshik ×5 |
| 15:52 | Create | Keshik ×5 |
| 15:53 | Create | Keshik ×5 |
| 15:53 | Create | Keshik ×5 |
| 15:53 | Create | Keshik ×5 |
| 15:54 | Create | Keshik ×5 |
| 15:54 | Create | Keshik ×5 |
| 15:54 | Create | Keshik ×5 |
| 15:54 | Create | Keshik ×5 |
| 15:55 | Create | Keshik ×5 |
| 15:55 | Create | Keshik ×5 |
| 17:10 | Create | Keshik ×5 |
| 17:10 | Create | Keshik ×5 |
| 17:11 | Create | Keshik ×5 |
| 17:11 | Create | Keshik ×5 |
| 17:11 | Create | Keshik ×5 |
| 17:12 | Create | Keshik ×5 |
| 17:12 | Create | Keshik ×3 |
| 18:10 | Create | Keshik ×5 |
| 18:10 | Create | Keshik ×5 |
| 18:11 | Create | Keshik ×5 |
| 18:11 | Create | Keshik ×5 |
| 18:11 | Create | Keshik ×5 |
| 19:54 | Create | Keshik ×5 |
| 19:55 | Create | Keshik ×5 |
| 19:55 | Create | Keshik ×5 |
| 19:55 | Create | Keshik ×5 |
| 19:56 | Create | Keshik ×5 |
| 19:56 | Create | Keshik ×5 |
| 19:56 | Create | Keshik ×5 |
| 19:57 | Create | Keshik |
| 19:57 | Create | Keshik |
| 21:19 | Create | Keshik ×5 |
| 21:19 | Create | Keshik ×5 |
| 21:19 | Create | Keshik ×5 |
| 21:20 | Create | Keshik ×5 |
| 21:20 | Create | Keshik ×5 |
| 21:20 | Create | Keshik ×5 |
| 21:21 | Create | Keshik ×5 |
| 21:21 | Create | Keshik ×2 |
| 21:57 | Create | Keshik ×5 |
| 21:57 | Create | Keshik ×5 |
| 21:57 | Create | Keshik ×5 |
| 23:15 | Create | Keshik ×5 |
| 23:16 | Create | Keshik ×5 |
| 23:16 | Create | Keshik ×5 |
| 23:16 | Create | Keshik ×5 |
| 23:17 | Create | Keshik ×5 |
| 23:17 | Create | Keshik ×3 |
| 24:22 | Create | Keshik ×5 |
| 24:22 | Create | Keshik ×5 |
| 24:23 | Create | Keshik ×5 |
| 24:23 | Create | Keshik ×5 |
| 24:23 | Create | Keshik ×4 |
| 25:16 | Create | Keshik ×5 |
| 25:17 | Create | Keshik ×5 |
Build order — Kor
138 actions detected in the replay
| 0:56 | Create | Janissary ×5 |
| 0:56 | Create | Janissary ×5 |
| 0:57 | Create | Janissary ×5 |
| 0:57 | Create | Janissary ×5 |
| 0:58 | Create | Janissary ×5 |
| 0:58 | Create | Janissary ×5 |
| 0:58 | Create | Janissary ×5 |
| 0:59 | Create | Janissary ×5 |
| 0:59 | Create | Janissary ×5 |
| 1:00 | Create | Janissary ×5 |
| 1:00 | Create | Janissary ×5 |
| 1:00 | Create | Janissary ×5 |
| 2:15 | Research | Thumb Ring |
| 2:16 | Research | Ballistics |
| 2:17 | Research | Leather Archer Armor |
| 2:18 | Research | Bodkin Arrow |
| 2:19 | Research | Iron Casting |
| 2:20 | Research | Chain Mail Armor |
| 2:20 | Research | Chain Barding Armor |
| 2:50 | Create | Janissary ×5 |
| 2:51 | Create | Janissary ×5 |
| 2:51 | Create | Janissary ×5 |
| 2:52 | Create | Janissary ×5 |
| 2:52 | Create | Janissary ×4 |
| 7:37 | Research | Conscription |
| 7:38 | Research | Elite Janissary (upgrade) |
| 7:39 | Research | Sipahi |
| 7:40 | Research | Artillery |
| 7:42 | Create | Janissary ×5 |
| 7:43 | Create | Janissary ×5 |
| 7:43 | Create | Janissary ×5 |
| 7:44 | Create | Janissary ×5 |
| 7:44 | Create | Janissary ×5 |
| 7:44 | Create | Janissary ×5 |
| 7:45 | Create | Janissary ×5 |
| 7:45 | Create | Janissary ×5 |
| 7:45 | Create | Janissary ×5 |
| 7:46 | Create | Janissary ×5 |
| 7:46 | Create | Janissary ×5 |
| 7:46 | Create | Janissary ×5 |
| 7:47 | Create | Janissary ×5 |
| 7:51 | Research | Blast Furnace |
| 7:51 | Research | Plate Mail Armor |
| 7:52 | Research | Bracer |
| 7:52 | Research | Ring Archer Armor |
| 7:53 | Research | Parthian Tactics |
| 8:16 | Create | Janissary ×5 |
| 8:17 | Create | Janissary |
| 10:09 | Create | Janissary ×5 |
| 10:09 | Create | Janissary ×5 |
| 10:10 | Create | Janissary ×5 |
| 10:10 | Create | Janissary ×5 |
| 10:11 | Create | Janissary ×5 |
| 10:11 | Create | Janissary ×5 |
| 10:12 | Create | Janissary ×3 |
| 13:11 | Create | Janissary ×5 |
| 13:12 | Create | Janissary ×5 |
| 13:12 | Create | Janissary ×5 |
| 13:12 | Create | Janissary ×5 |
| 13:13 | Create | Janissary ×5 |
| 13:13 | Create | Janissary ×5 |
| 13:13 | Create | Janissary ×5 |
| 13:14 | Create | Janissary ×5 |
| 13:14 | Create | Janissary ×5 |
| 13:15 | Create | Janissary ×5 |
| 13:15 | Create | Janissary ×5 |
| 13:16 | Create | Janissary |
| 13:17 | Create | Janissary ×2 |
| 15:57 | Create | Janissary ×5 |
| 15:57 | Create | Janissary ×5 |
| 15:58 | Create | Janissary ×5 |
| 15:58 | Create | Janissary ×5 |
| 15:59 | Create | Janissary ×5 |
| 15:59 | Create | Janissary ×5 |
| 15:59 | Create | Janissary ×5 |
| 16:00 | Create | Janissary ×5 |
| 16:00 | Create | Janissary ×5 |
| 16:01 | Create | Janissary ×5 |
| 16:01 | Create | Janissary ×5 |
| 16:01 | Create | Janissary ×5 |
| 16:02 | Create | Janissary ×5 |
| 16:02 | Create | Janissary ×5 |
| 16:03 | Create | Janissary ×5 |
| 19:14 | Create | Janissary ×5 |
| 19:15 | Create | Janissary ×5 |
| 19:15 | Create | Janissary ×5 |
| 19:15 | Create | Janissary ×5 |
| 19:16 | Create | Janissary ×5 |
| 19:16 | Create | Janissary ×5 |
| 19:17 | Create | Janissary ×5 |
| 19:17 | Create | Janissary ×5 |
| 19:18 | Create | Janissary ×5 |
| 19:18 | Create | Janissary ×5 |
| 19:19 | Create | Janissary ×5 |
| 19:19 | Create | Janissary ×5 |
| 21:28 | Create | Janissary ×5 |
| 21:28 | Create | Janissary ×5 |
| 21:29 | Create | Janissary ×5 |
| 21:29 | Create | Janissary ×5 |
| 21:30 | Create | Janissary ×5 |
| 21:30 | Create | Janissary ×5 |
| 21:31 | Create | Janissary ×5 |
| 21:31 | Create | Janissary ×5 |
| 24:59 | Create | Janissary ×5 |
| 25:00 | Create | Janissary ×5 |
| 25:00 | Create | Janissary ×5 |
| 25:01 | Create | Janissary ×5 |
| 25:01 | Create | Janissary ×5 |
| 25:01 | Create | Janissary ×5 |
| 25:02 | Create | Janissary ×5 |
| 25:02 | Create | Janissary ×5 |
| 25:03 | Create | Janissary ×5 |
| 25:03 | Create | Janissary ×5 |
| 25:11 | Create | Janissary ×5 |
| 25:11 | Create | Janissary ×5 |
| 25:12 | Create | Janissary ×5 |
| 25:12 | Create | Janissary ×5 |
| 25:13 | Create | Janissary ×5 |
| 25:13 | Create | Janissary ×5 |
| 25:14 | Create | Janissary ×5 |
| 25:15 | Create | Janissary ×5 |
| 25:16 | Create | Janissary ×5 |
| 25:16 | Create | Janissary ×5 |
| 25:17 | Create | Janissary ×5 |
| 25:17 | Create | Janissary ×5 |
| 25:17 | Create | Janissary ×5 |
| 25:18 | Create | Janissary ×5 |
| 25:18 | Create | Janissary ×4 |
| 29:47 | Create | Janissary ×5 |
| 29:48 | Create | Janissary ×5 |
| 29:48 | Create | Janissary ×5 |
| 29:48 | Create | Janissary ×5 |
| 29:49 | Create | Janissary ×5 |
| 29:49 | Create | Janissary ×5 |
| 31:45 | Create | Janissary ×5 |
| 31:45 | Create | Janissary ×5 |
| 31:46 | Create | Janissary ×5 |
| 31:46 | Create | Janissary ×3 |
Build order — BøM_達達
First 150 of 558 actions detected
| 0:04 | Create | Mangudai ×5 |
| 0:04 | Create | Mangudai ×5 |
| 0:04 | Create | Mangudai ×5 |
| 0:05 | Create | Mangudai ×5 |
| 0:05 | Create | Mangudai ×5 |
| 0:05 | Create | Mangudai ×5 |
| 0:06 | Create | Mangudai ×5 |
| 0:07 | Research | Nomads |
| 0:07 | Create | Mangudai ×5 |
| 0:08 | Create | Mangudai ×5 |
| 0:08 | Create | Mangudai ×5 |
| 0:11 | Research | Ballistics |
| 0:11 | Research | Bodkin Arrow |
| 0:12 | Research | Thumb Ring |
| 0:12 | Research | Leather Archer Armor |
| 0:13 | Research | Chain Barding Armor |
| 0:13 | Research | Iron Casting |
| 0:14 | Research | Chain Mail Armor |
| 0:26 | Create | Mangudai ×5 |
| 0:26 | Create | Mangudai ×5 |
| 0:26 | Create | Mangudai ×5 |
| 0:46 | Create | Mangudai ×3 |
| 0:46 | Create | Mangudai ×3 |
| 0:46 | Create | Mangudai ×3 |
| 1:11 | Create | Mangudai ×4 |
| 1:12 | Create | Mangudai ×4 |
| 1:16 | Create | Mangudai |
| 1:17 | Create | Mangudai |
| 1:17 | Create | Mangudai |
| 1:29 | Create | Mangudai ×3 |
| 1:29 | Create | Mangudai ×3 |
| 1:49 | Create | Mangudai ×2 |
| 1:49 | Create | Mangudai ×2 |
| 1:49 | Create | Mangudai ×2 |
| 2:14 | Create | Mangudai ×2 |
| 2:15 | Create | Mangudai ×3 |
| 3:04 | Create | Mangudai ×5 |
| 3:04 | Create | Mangudai ×5 |
| 3:04 | Create | Mangudai ×5 |
| 3:04 | Create | Mangudai ×2 |
| 3:14 | Create | Mangudai ×3 |
| 3:14 | Create | Mangudai ×3 |
| 3:41 | Create | Mangudai ×4 |
| 3:41 | Create | Mangudai ×4 |
| 3:41 | Create | Mangudai ×4 |
| 3:53 | Create | Mangudai |
| 3:53 | Create | Mangudai |
| 5:49 | Create | Mangudai ×5 |
| 5:50 | Create | Mangudai ×5 |
| 6:09 | Create | Mangudai ×5 |
| 6:10 | Create | Mangudai ×5 |
| 6:45 | Create | Mangudai ×5 |
| 6:45 | Create | Mangudai ×5 |
| 6:46 | Create | Mangudai ×5 |
| 6:46 | Create | Mangudai ×2 |
| 7:27 | Create | Mangudai ×5 |
| 7:27 | Create | Mangudai ×5 |
| 7:28 | Create | Mangudai ×5 |
| 7:28 | Create | Mangudai ×2 |
| 7:49 | Create | Mangudai |
| 7:49 | Create | Mangudai |
| 7:57 | Research | Bracer |
| 8:00 | Research | Chemistry |
| 8:02 | Research | Parthian Tactics |
| 8:02 | Research | Blast Furnace |
| 8:03 | Research | Plate Mail Armor |
| 8:10 | Research | Elite Mangudai (upgrade) |
| 8:11 | Research | Conscription |
| 8:11 | Research | Conscription |
| 8:11 | Research | Drill |
| 8:12 | Create | Mangudai ×5 |
| 8:12 | Create | Mangudai ×5 |
| 8:42 | Create | Mangudai ×5 |
| 8:42 | Create | Mangudai ×5 |
| 8:43 | Create | Mangudai ×5 |
| 10:04 | Create | Mangudai ×5 |
| 10:04 | Create | Mangudai ×5 |
| 10:04 | Create | Mangudai ×5 |
| 10:04 | Create | Mangudai ×5 |
| 10:05 | Create | Mangudai ×3 |
| 11:23 | Create | Mangudai ×5 |
| 11:23 | Create | Mangudai ×5 |
| 11:23 | Create | Mangudai ×5 |
| 11:24 | Create | Mangudai ×5 |
| 11:25 | Create | Mangudai |
| 11:25 | Create | Mangudai |
| 12:05 | Create | Mangudai ×5 |
| 12:05 | Create | Mangudai ×5 |
| 12:05 | Create | Mangudai ×5 |
| 12:18 | Create | Mangudai |
| 12:19 | Create | Mangudai |
| 12:19 | Create | Mangudai |
| 12:52 | Create | Mangudai ×5 |
| 12:52 | Create | Mangudai ×5 |
| 13:33 | Create | Mangudai ×5 |
| 13:34 | Create | Mangudai ×5 |
| 13:34 | Create | Mangudai ×5 |
| 14:42 | Create | Mangudai ×5 |
| 14:42 | Create | Mangudai ×5 |
| 14:43 | Create | Mangudai ×5 |
| 14:43 | Create | Mangudai ×5 |
| 15:29 | Create | Mangudai ×5 |
| 15:30 | Create | Mangudai ×5 |
| 15:30 | Create | Mangudai ×5 |
| 15:30 | Create | Mangudai ×4 |
| 15:50 | Create | Mangudai ×4 |
| 15:50 | Create | Mangudai ×4 |
| 16:33 | Create | Mangudai ×5 |
| 16:33 | Create | Mangudai ×5 |
| 16:33 | Create | Mangudai ×5 |
| 16:48 | Create | Mangudai ×4 |
| 16:48 | Create | Mangudai ×4 |
| 16:57 | Create | Mangudai ×2 |
| 16:58 | Create | Mangudai ×2 |
| 17:27 | Create | Mangudai ×5 |
| 17:27 | Create | Mangudai ×5 |
| 17:27 | Create | Mangudai ×5 |
| 18:05 | Create | Mangudai ×5 |
| 18:05 | Create | Mangudai ×5 |
| 18:05 | Create | Mangudai ×5 |
| 18:26 | Create | Mangudai ×4 |
| 18:26 | Create | Mangudai ×4 |
| 18:26 | Create | Mangudai ×4 |
| 18:32 | Create | Mangudai |
| 18:32 | Create | Mangudai |
| 18:41 | Create | Mangudai |
| 18:42 | Create | Mangudai |
| 18:42 | Create | Mangudai |
| 18:56 | Create | Mangudai ×4 |
| 18:56 | Create | Mangudai ×4 |
| 19:34 | Create | Mangudai ×5 |
| 19:35 | Create | Mangudai ×5 |
| 19:36 | Build | Castle |
| 20:24 | Create | Mangudai ×5 |
| 20:24 | Create | Mangudai ×5 |
| 20:55 | Create | Mangudai ×5 |
| 20:56 | Create | Mangudai ×5 |
| 21:03 | Create | Mangudai |
| 21:04 | Create | Mangudai |
| 21:19 | Create | Villager (Male) ×5 |
| 21:19 | Create | Villager (Male) ×5 |
| 21:36 | Build | Siege Workshop |
| 21:44 | Build | Siege Workshop |
| 21:46 | Build | Siege Workshop |
| 22:03 | Create | Mangudai ×5 |
| 22:03 | Create | Mangudai ×5 |
| 22:03 | Create | Mangudai ×5 |
| 22:04 | Create | Mangudai ×5 |
| 22:04 | Create | Mangudai ×5 |
| 22:04 | Create | Mangudai ×5 |
Build order — 中华小当家noobkill
First 150 of 232 actions detected
| 0:16 | Create | Throwing Axeman ×5 |
| 0:17 | Create | Throwing Axeman ×5 |
| 0:17 | Create | Throwing Axeman ×5 |
| 0:18 | Create | Throwing Axeman ×5 |
| 0:20 | Research | Bearded Axe |
| 0:20 | Create | Throwing Axeman ×5 |
| 0:21 | Create | Throwing Axeman ×5 |
| 0:21 | Create | Throwing Axeman ×5 |
| 0:21 | Create | Throwing Axeman ×5 |
| 0:22 | Create | Throwing Axeman ×5 |
| 0:25 | Research | Iron Casting |
| 0:25 | Research | Chain Barding Armor |
| 0:26 | Research | Chain Mail Armor |
| 0:27 | Research | Bodkin Arrow |
| 0:27 | Research | Leather Archer Armor |
| 0:29 | Research | Ballistics |
| 0:36 | Create | Throwing Axeman ×5 |
| 0:37 | Create | Throwing Axeman ×5 |
| 0:38 | Create | Throwing Axeman ×5 |
| 1:17 | Create | Throwing Axeman ×4 |
| 1:18 | Create | Throwing Axeman ×4 |
| 1:19 | Create | Throwing Axeman ×4 |
| 2:31 | Create | Throwing Axeman |
| 2:31 | Create | Throwing Axeman ×5 |
| 2:33 | Create | Throwing Axeman ×5 |
| 2:33 | Create | Throwing Axeman ×5 |
| 3:52 | Create | Throwing Axeman ×5 |
| 3:52 | Create | Throwing Axeman ×5 |
| 3:53 | Create | Throwing Axeman ×5 |
| 4:56 | Create | Throwing Axeman ×5 |
| 4:56 | Create | Throwing Axeman ×5 |
| 4:57 | Create | Throwing Axeman ×5 |
| 4:57 | Create | Throwing Axeman ×5 |
| 7:55 | Create | Throwing Axeman ×5 |
| 7:56 | Create | Throwing Axeman ×5 |
| 7:56 | Create | Throwing Axeman ×5 |
| 7:57 | Create | Throwing Axeman ×5 |
| 7:57 | Create | Throwing Axeman ×5 |
| 9:36 | Research | Elite Throwing Axeman (upgrade) |
| 9:40 | Research | Conscription |
| 9:43 | Research | Blast Furnace |
| 9:45 | Research | Plate Barding Armor |
| 9:45 | Research | Plate Mail Armor |
| 10:42 | Create | Throwing Axeman ×5 |
| 10:42 | Create | Throwing Axeman ×5 |
| 10:43 | Create | Throwing Axeman ×5 |
| 10:43 | Create | Throwing Axeman ×5 |
| 10:43 | Create | Throwing Axeman ×5 |
| 10:44 | Create | Throwing Axeman ×5 |
| 10:49 | Create | Throwing Axeman ×5 |
| 10:49 | Create | Throwing Axeman ×5 |
| 10:50 | Create | Throwing Axeman ×5 |
| 10:50 | Create | Throwing Axeman ×5 |
| 10:50 | Create | Throwing Axeman ×5 |
| 10:51 | Create | Throwing Axeman ×5 |
| 12:01 | Create | Throwing Axeman ×5 |
| 12:02 | Create | Throwing Axeman ×5 |
| 12:02 | Create | Throwing Axeman ×5 |
| 12:03 | Create | Throwing Axeman ×5 |
| 12:43 | Create | Throwing Axeman ×5 |
| 12:43 | Create | Throwing Axeman ×5 |
| 12:44 | Create | Throwing Axeman ×5 |
| 12:44 | Create | Throwing Axeman ×5 |
| 12:45 | Create | Throwing Axeman ×5 |
| 12:45 | Create | Throwing Axeman ×5 |
| 12:45 | Create | Throwing Axeman ×5 |
| 14:09 | Create | Throwing Axeman ×5 |
| 14:09 | Create | Throwing Axeman ×5 |
| 14:10 | Create | Throwing Axeman ×5 |
| 14:10 | Create | Throwing Axeman ×5 |
| 14:10 | Create | Throwing Axeman ×5 |
| 15:54 | Create | Throwing Axeman |
| 15:54 | Create | Throwing Axeman ×5 |
| 15:55 | Create | Throwing Axeman ×5 |
| 15:56 | Create | Throwing Axeman ×5 |
| 15:56 | Create | Throwing Axeman ×5 |
| 16:48 | Create | Throwing Axeman ×5 |
| 16:48 | Create | Throwing Axeman ×5 |
| 16:49 | Create | Throwing Axeman ×5 |
| 16:49 | Create | Throwing Axeman ×4 |
| 16:50 | Create | Throwing Axeman ×5 |
| 18:08 | Create | Throwing Axeman |
| 18:08 | Create | Throwing Axeman ×5 |
| 18:09 | Create | Throwing Axeman ×4 |
| 18:09 | Create | Throwing Axeman ×5 |
| 20:14 | Create | Throwing Axeman ×5 |
| 20:14 | Create | Throwing Axeman ×5 |
| 20:15 | Create | Throwing Axeman ×5 |
| 20:16 | Create | Throwing Axeman ×5 |
| 20:16 | Create | Throwing Axeman ×5 |
| 20:17 | Create | Throwing Axeman ×5 |
| 20:17 | Create | Throwing Axeman |
| 21:14 | Create | Throwing Axeman ×5 |
| 21:14 | Create | Throwing Axeman ×5 |
| 21:15 | Create | Throwing Axeman ×5 |
| 21:15 | Create | Throwing Axeman ×5 |
| 21:16 | Create | Throwing Axeman ×5 |
| 21:16 | Create | Throwing Axeman ×5 |
| 22:01 | Create | Throwing Axeman ×5 |
| 22:01 | Create | Throwing Axeman ×5 |
| 22:02 | Create | Throwing Axeman ×5 |
| 22:03 | Create | Throwing Axeman ×5 |
| 22:03 | Create | Throwing Axeman ×5 |
| 22:56 | Create | Throwing Axeman |
| 22:56 | Create | Throwing Axeman ×5 |
| 22:57 | Create | Throwing Axeman ×5 |
| 22:57 | Create | Throwing Axeman ×5 |
| 22:58 | Create | Throwing Axeman ×5 |
| 23:04 | Create | Throwing Axeman ×3 |
| 23:04 | Create | Throwing Axeman ×3 |
| 23:05 | Create | Throwing Axeman ×2 |
| 23:05 | Create | Throwing Axeman ×5 |
| 23:06 | Create | Throwing Axeman ×3 |
| 23:06 | Create | Throwing Axeman ×5 |
| 23:07 | Create | Throwing Axeman ×5 |
| 23:07 | Create | Throwing Axeman ×5 |
| 23:08 | Create | Throwing Axeman ×5 |
| 23:08 | Create | Throwing Axeman ×5 |
| 23:09 | Create | Throwing Axeman ×5 |
| 23:09 | Create | Throwing Axeman ×5 |
| 26:03 | Create | Throwing Axeman ×5 |
| 26:04 | Create | Throwing Axeman ×5 |
| 26:04 | Create | Throwing Axeman ×5 |
| 26:04 | Create | Throwing Axeman ×5 |
| 26:05 | Create | Throwing Axeman ×5 |
| 26:05 | Create | Throwing Axeman ×5 |
| 26:06 | Create | Throwing Axeman ×5 |
| 26:06 | Create | Throwing Axeman ×5 |
| 26:27 | Create | Throwing Axeman ×5 |
| 26:28 | Create | Throwing Axeman ×5 |
| 26:28 | Create | Throwing Axeman ×5 |
| 26:29 | Create | Throwing Axeman ×5 |
| 26:29 | Create | Throwing Axeman ×5 |
| 26:30 | Create | Throwing Axeman ×5 |
| 26:35 | Build | Castle |
| 27:33 | Create | Throwing Axeman ×5 |
| 27:33 | Create | Throwing Axeman ×5 |
| 27:33 | Create | Throwing Axeman ×5 |
| 27:34 | Create | Throwing Axeman ×5 |
| 27:34 | Create | Throwing Axeman ×5 |
| 27:34 | Create | Throwing Axeman ×5 |
| 28:57 | Create | Throwing Axeman ×5 |
| 28:57 | Create | Throwing Axeman ×5 |
| 28:58 | Create | Throwing Axeman ×5 |
| 28:58 | Create | Throwing Axeman ×5 |
| 28:59 | Create | Throwing Axeman ×5 |
| 28:59 | Create | Throwing Axeman ×5 |
| 29:00 | Create | Throwing Axeman ×5 |
| 29:00 | Create | Throwing Axeman ×5 |
| 29:00 | Create | Throwing Axeman ×5 |
Build order — Powerin
First 150 of 201 actions detected
| 0:29 | Research | Chemistry |
| 0:30 | Research | Ballistics |
| 0:30 | Research | Plate Mail Armor |
| 0:31 | Research | Blast Furnace |
| 0:31 | Research | Bracer |
| 0:32 | Research | Thumb Ring |
| 0:35 | Research | Elite Obuch (upgrade) |
| 0:37 | Research | Szlachta Privileges |
| 0:38 | Research | Lechitic Legacy |
| 0:41 | Create | Obuch ×5 |
| 0:41 | Create | Obuch ×5 |
| 0:42 | Create | Obuch ×5 |
| 0:42 | Create | Obuch ×5 |
| 0:42 | Create | Obuch ×5 |
| 0:43 | Create | Obuch ×5 |
| 0:43 | Create | Obuch ×5 |
| 0:43 | Create | Obuch ×5 |
| 0:44 | Create | Obuch ×5 |
| 0:44 | Create | Obuch ×5 |
| 0:44 | Create | Obuch ×5 |
| 2:24 | Create | Obuch ×4 |
| 2:27 | Create | Obuch ×5 |
| 2:27 | Create | Obuch ×5 |
| 2:27 | Create | Obuch ×5 |
| 2:28 | Create | Obuch ×5 |
| 2:28 | Create | Obuch ×4 |
| 2:29 | Create | Obuch ×3 |
| 4:40 | Create | Obuch ×5 |
| 4:40 | Create | Obuch ×5 |
| 4:41 | Create | Obuch ×5 |
| 4:41 | Create | Obuch ×5 |
| 4:41 | Create | Obuch ×5 |
| 4:42 | Create | Obuch ×5 |
| 4:42 | Create | Obuch ×5 |
| 4:42 | Create | Obuch ×5 |
| 4:43 | Create | Obuch ×2 |
| 5:57 | Create | Obuch ×5 |
| 5:57 | Create | Obuch ×5 |
| 5:58 | Create | Obuch ×5 |
| 5:58 | Create | Obuch ×5 |
| 5:58 | Create | Obuch ×4 |
| 8:59 | Create | Obuch ×5 |
| 9:00 | Create | Obuch ×5 |
| 9:00 | Create | Obuch ×5 |
| 9:00 | Create | Obuch ×5 |
| 9:01 | Create | Obuch ×5 |
| 9:01 | Create | Obuch ×5 |
| 9:01 | Create | Obuch ×5 |
| 9:02 | Create | Obuch ×5 |
| 9:02 | Create | Obuch ×5 |
| 9:02 | Create | Obuch ×5 |
| 9:03 | Create | Obuch ×5 |
| 9:03 | Create | Obuch ×5 |
| 11:39 | Create | Obuch ×5 |
| 11:40 | Create | Obuch ×5 |
| 11:40 | Create | Obuch ×5 |
| 11:40 | Create | Obuch ×5 |
| 11:41 | Create | Obuch ×5 |
| 11:41 | Create | Obuch ×5 |
| 11:41 | Create | Obuch ×5 |
| 11:42 | Create | Obuch ×5 |
| 11:42 | Create | Obuch ×5 |
| 11:42 | Create | Obuch ×5 |
| 11:43 | Create | Obuch ×2 |
| 13:38 | Create | Obuch ×5 |
| 13:38 | Create | Obuch ×5 |
| 13:38 | Create | Obuch ×5 |
| 13:39 | Create | Obuch ×5 |
| 13:39 | Create | Obuch ×5 |
| 13:40 | Create | Obuch ×5 |
| 13:40 | Create | Obuch ×5 |
| 13:40 | Create | Obuch ×5 |
| 18:25 | Create | Obuch ×5 |
| 18:25 | Create | Obuch ×5 |
| 18:26 | Create | Obuch ×5 |
| 18:26 | Create | Obuch ×5 |
| 18:26 | Create | Obuch ×5 |
| 18:27 | Create | Obuch ×5 |
| 18:27 | Create | Obuch ×5 |
| 18:27 | Create | Obuch ×5 |
| 18:28 | Create | Obuch ×5 |
| 18:28 | Create | Obuch ×5 |
| 18:29 | Create | Obuch ×5 |
| 18:29 | Create | Obuch ×5 |
| 22:02 | Create | Obuch ×5 |
| 22:03 | Create | Obuch ×5 |
| 22:03 | Create | Obuch ×5 |
| 22:04 | Create | Obuch ×5 |
| 22:04 | Create | Obuch ×5 |
| 22:04 | Create | Obuch ×5 |
| 22:05 | Create | Obuch ×5 |
| 22:05 | Create | Obuch ×5 |
| 22:06 | Create | Obuch ×5 |
| 22:06 | Create | Obuch ×5 |
| 22:06 | Create | Obuch ×5 |
| 22:07 | Create | Obuch ×5 |
| 24:00 | Create | Obuch ×5 |
| 24:01 | Create | Obuch ×5 |
| 24:01 | Create | Obuch ×5 |
| 24:02 | Create | Obuch ×5 |
| 24:02 | Create | Obuch ×5 |
| 24:02 | Create | Obuch ×5 |
| 24:03 | Create | Obuch ×5 |
| 24:03 | Create | Obuch ×5 |
| 28:54 | Create | Obuch ×5 |
| 28:54 | Create | Obuch ×5 |
| 28:55 | Create | Obuch ×5 |
| 28:55 | Create | Obuch ×5 |
| 28:55 | Create | Obuch ×5 |
| 28:56 | Create | Obuch ×5 |
| 28:56 | Create | Obuch ×5 |
| 28:56 | Create | Obuch ×5 |
| 28:57 | Create | Obuch ×5 |
| 28:57 | Create | Obuch ×5 |
| 28:57 | Create | Obuch ×5 |
| 28:58 | Create | Obuch ×5 |
| 30:47 | Create | Obuch ×5 |
| 30:47 | Create | Obuch ×5 |
| 30:47 | Create | Obuch ×5 |
| 30:48 | Create | Obuch ×5 |
| 30:48 | Create | Obuch ×5 |
| 30:49 | Create | Obuch ×5 |
| 30:49 | Create | Obuch ×3 |
| 32:28 | Create | Obuch ×5 |
| 32:28 | Create | Obuch ×5 |
| 32:28 | Create | Obuch ×5 |
| 32:29 | Create | Obuch ×5 |
| 32:29 | Create | Obuch ×5 |
| 32:30 | Create | Obuch ×3 |
| 35:29 | Create | Obuch ×5 |
| 35:29 | Create | Obuch ×5 |
| 35:30 | Create | Obuch ×5 |
| 35:30 | Create | Obuch ×5 |
| 35:31 | Create | Obuch ×5 |
| 35:31 | Create | Obuch ×5 |
| 35:31 | Create | Obuch ×5 |
| 35:32 | Create | Obuch ×5 |
| 35:32 | Create | Obuch ×5 |
| 35:32 | Create | Obuch ×5 |
| 35:33 | Create | Obuch ×5 |
| 37:07 | Create | Obuch ×5 |
| 37:07 | Create | Obuch ×5 |
| 37:08 | Create | Obuch ×5 |
| 37:08 | Create | Obuch ×5 |
| 37:08 | Create | Obuch ×5 |
| 37:09 | Create | Obuch ×5 |
| 37:09 | Create | Obuch ×5 |
| 37:10 | Create | Obuch ×2 |
| 39:42 | Create | Obuch ×5 |
| 39:42 | Create | Obuch ×5 |
Build order — Jaycoolson
137 actions detected in the replay
| 0:49 | Research | Yasama |
| 4:58 | Research | Thumb Ring |
| 5:01 | Research | Ballistics |
| 5:02 | Research | Chain Barding Armor |
| 5:02 | Research | Chain Mail Armor |
| 5:03 | Research | Iron Casting |
| 5:03 | Research | Bodkin Arrow |
| 5:04 | Research | Leather Archer Armor |
| 11:57 | Research | Chemistry |
| 11:58 | Research | Parthian Tactics |
| 12:01 | Research | Bracer |
| 12:02 | Research | Ring Archer Armor |
| 12:02 | Research | Plate Mail Armor |
| 12:03 | Research | Blast Furnace |
| 12:06 | Research | Elite Samurai (upgrade) |
| 12:07 | Research | Kataparuto |
| 12:07 | Research | Conscription |
| 15:57 | Create | Samurai |
| 27:47 | Create | Samurai |
| 27:47 | Create | Samurai |
| 27:48 | Create | Samurai |
| 27:48 | Create | Samurai |
| 27:48 | Create | Samurai |
| 27:49 | Create | Samurai |
| 27:49 | Create | Samurai |
| 27:49 | Create | Samurai |
| 27:49 | Create | Samurai |
| 27:50 | Create | Samurai |
| 27:50 | Create | Samurai |
| 27:50 | Create | Samurai |
| 27:51 | Create | Samurai |
| 27:51 | Create | Samurai |
| 27:52 | Create | Samurai |
| 27:52 | Create | Samurai |
| 27:52 | Create | Samurai |
| 27:52 | Create | Samurai |
| 27:53 | Create | Samurai |
| 27:53 | Create | Samurai |
| 27:53 | Create | Samurai |
| 27:54 | Create | Samurai |
| 27:54 | Create | Samurai |
| 27:54 | Create | Samurai |
| 27:55 | Create | Samurai |
| 27:55 | Create | Samurai |
| 27:55 | Create | Samurai |
| 27:56 | Create | Samurai |
| 27:56 | Create | Samurai |
| 27:57 | Create | Samurai |
| 27:57 | Create | Samurai |
| 27:57 | Create | Samurai |
| 27:58 | Create | Samurai |
| 27:58 | Create | Samurai |
| 27:58 | Create | Samurai |
| 27:59 | Create | Samurai |
| 27:59 | Create | Samurai |
| 27:59 | Create | Samurai |
| 28:00 | Create | Samurai |
| 28:00 | Create | Samurai |
| 28:01 | Create | Samurai |
| 28:01 | Create | Samurai |
| 28:01 | Create | Samurai |
| 28:02 | Create | Samurai |
| 28:02 | Create | Samurai |
| 28:02 | Create | Samurai |
| 28:11 | Create | Samurai |
| 28:11 | Create | Samurai |
| 28:11 | Create | Samurai |
| 28:12 | Create | Samurai |
| 28:12 | Create | Samurai |
| 28:12 | Create | Samurai |
| 28:13 | Create | Samurai |
| 28:13 | Create | Samurai |
| 28:13 | Create | Samurai |
| 28:14 | Create | Samurai |
| 28:14 | Create | Samurai |
| 28:14 | Create | Samurai |
| 28:15 | Create | Samurai |
| 28:15 | Create | Samurai |
| 28:15 | Create | Samurai |
| 30:24 | Create | Samurai |
| 30:25 | Create | Samurai |
| 30:25 | Create | Samurai |
| 30:26 | Create | Samurai |
| 30:26 | Create | Samurai |
| 30:26 | Create | Samurai |
| 30:27 | Create | Samurai |
| 30:27 | Create | Samurai |
| 30:27 | Create | Samurai |
| 30:28 | Create | Samurai |
| 30:28 | Create | Samurai |
| 30:28 | Create | Samurai |
| 30:30 | Create | Samurai |
| 30:30 | Create | Samurai |
| 30:30 | Create | Samurai |
| 30:31 | Create | Samurai |
| 30:32 | Create | Samurai |
| 30:32 | Create | Samurai |
| 44:25 | Build | Siege Workshop |
| 45:46 | Build | Barracks |
| 52:22 | Create | Samurai |
| 52:22 | Create | Samurai |
| 52:22 | Create | Samurai |
| 52:23 | Create | Samurai |
| 52:23 | Create | Samurai |
| 52:23 | Create | Samurai |
| 52:24 | Create | Samurai |
| 52:24 | Create | Samurai |
| 52:24 | Create | Samurai |
| 52:24 | Create | Samurai |
| 52:25 | Create | Samurai |
| 52:25 | Create | Samurai |
| 52:25 | Create | Samurai |
| 52:26 | Create | Samurai |
| 52:26 | Create | Samurai |
| 52:26 | Create | Samurai |
| 52:27 | Create | Samurai |
| 52:27 | Create | Samurai |
| 52:27 | Create | Samurai |
| 52:28 | Create | Samurai |
| 52:28 | Create | Samurai |
| 52:28 | Create | Samurai |
| 52:29 | Create | Samurai |
| 52:29 | Create | Samurai |
| 52:30 | Create | Samurai |
| 52:30 | Create | Samurai |
| 52:30 | Create | Samurai |
| 52:31 | Create | Samurai |
| 52:31 | Create | Samurai |
| 52:31 | Create | Samurai |
| 52:32 | Create | Samurai |
| 52:32 | Create | Samurai |
| 52:32 | Create | Samurai |
| 52:33 | Create | Samurai |
| 52:33 | Create | Samurai |
| 52:33 | Create | Samurai |
| 52:34 | Create | Samurai |
| 52:34 | Create | Samurai |
Build order — 开心就好
91 actions detected in the replay
| 0:07 | Research | Tech 1080 |
| 0:08 | Research | Tech 1080 |
| 0:09 | Create | Unit 1968 |
| 0:09 | Create | Unit 1968 |
| 0:10 | Create | Unit 1968 |
| 0:10 | Create | Unit 1968 |
| 0:10 | Create | Unit 1968 |
| 0:11 | Create | Unit 1968 |
| 0:11 | Create | Unit 1968 |
| 0:11 | Create | Unit 1968 |
| 0:16 | Research | Bodkin Arrow |
| 0:16 | Research | Bodkin Arrow |
| 0:19 | Research | Ballistics |
| 0:21 | Research | Iron Casting |
| 0:22 | Research | Chain Barding Armor |
| 0:23 | Research | Leather Archer Armor |
| 0:29 | Create | Unit 1968 ×5 |
| 0:29 | Create | Unit 1968 ×5 |
| 0:29 | Create | Unit 1968 ×5 |
| 0:30 | Create | Unit 1968 ×5 |
| 0:30 | Create | Unit 1968 ×5 |
| 0:30 | Create | Unit 1968 ×5 |
| 0:31 | Create | Unit 1968 ×5 |
| 0:31 | Create | Unit 1968 ×5 |
| 0:31 | Create | Unit 1968 ×5 |
| 0:32 | Create | Unit 1968 ×5 |
| 0:49 | Create | Unit 1968 ×5 |
| 0:49 | Create | Unit 1968 ×5 |
| 0:50 | Create | Unit 1968 ×3 |
| 1:29 | Create | Unit 1968 ×5 |
| 1:29 | Create | Unit 1968 ×5 |
| 1:30 | Create | Unit 1968 ×3 |
| 2:27 | Create | Unit 1968 ×5 |
| 2:27 | Create | Unit 1968 ×5 |
| 2:27 | Create | Unit 1968 ×5 |
| 2:28 | Create | Unit 1968 ×5 |
| 3:43 | Create | Unit 1968 ×5 |
| 3:44 | Create | Unit 1968 ×5 |
| 3:44 | Create | Unit 1968 ×5 |
| 3:44 | Create | Unit 1968 ×5 |
| 3:45 | Create | Unit 1968 ×2 |
| 4:22 | Research | Tech 1074 |
| 4:23 | Research | Tech 1081 |
| 4:23 | Research | Conscription |
| 4:24 | Research | Conscription |
| 4:26 | Research | Bracer |
| 4:26 | Research | Bracer |
| 4:28 | Research | Chemistry |
| 4:29 | Research | Plate Barding Armor |
| 4:30 | Research | Blast Furnace |
| 4:30 | Research | Blast Furnace |
| 5:03 | Create | Unit 1968 ×5 |
| 5:04 | Create | Unit 1978 ×5 |
| 5:04 | Create | Unit 1978 ×5 |
| 5:04 | Create | Unit 1968 ×5 |
| 5:05 | Create | Unit 1968 ×5 |
| 5:05 | Create | Unit 1968 ×5 |
| 5:05 | Create | Unit 1968 ×5 |
| 5:06 | Create | Unit 1968 ×5 |
| 5:47 | Create | Unit 1968 ×5 |
| 5:48 | Create | Unit 1968 ×5 |
| 5:48 | Create | Unit 1968 ×3 |
| 6:02 | Create | Unit 1968 ×4 |
| 6:03 | Create | Unit 1968 ×4 |
| 6:03 | Create | Unit 1968 ×2 |
| 6:50 | Create | Unit 1968 ×5 |
| 6:50 | Create | Unit 1968 ×5 |
| 6:51 | Create | Unit 1968 ×5 |
| 6:51 | Create | Unit 1968 ×5 |
| 7:49 | Create | Unit 1968 ×5 |
| 7:49 | Create | Unit 1968 ×5 |
| 7:50 | Create | Unit 1968 ×5 |
| 7:50 | Create | Unit 1968 ×5 |
| 7:51 | Create | Unit 1968 ×5 |
| 8:03 | Research | Plate Mail Armor |
| 8:24 | Create | Unit 1968 ×5 |
| 8:24 | Create | Unit 1968 ×5 |
| 8:25 | Create | Unit 1968 ×5 |
| 10:33 | Create | Unit 1968 ×5 |
| 10:33 | Create | Unit 1968 ×5 |
| 10:33 | Create | Unit 1968 ×5 |
| 10:34 | Create | Unit 1978 ×5 |
| 10:34 | Create | Unit 1978 ×5 |
| 10:34 | Create | Unit 1978 ×5 |
| 10:35 | Create | Unit 1978 ×5 |
| 10:35 | Create | Unit 1978 ×5 |
| 10:35 | Create | Unit 1978 ×5 |
| 10:36 | Create | Unit 1978 ×5 |
| 10:36 | Create | Unit 1978 ×5 |
| 10:36 | Create | Unit 1978 ×5 |
| 10:36 | Create | Unit 1978 ×5 |
Build order — 'The Grinch'
First 150 of 188 actions detected
| 3:19 | Research | Elite Berserk (upgrade) |
| 3:20 | Research | Conscription |
| 3:22 | Create | Berserk ×5 |
| 3:22 | Create | Berserk ×5 |
| 3:22 | Create | Berserk ×5 |
| 3:22 | Create | Berserk ×5 |
| 3:22 | Create | Berserk ×5 |
| 3:23 | Create | Berserk ×5 |
| 3:23 | Research | Chieftains |
| 3:24 | Research | Tech 49 |
| 3:25 | Create | Berserk ×5 |
| 3:25 | Create | Berserk ×5 |
| 3:25 | Create | Berserk ×5 |
| 3:25 | Create | Berserk ×5 |
| 3:26 | Create | Berserk ×5 |
| 3:26 | Create | Berserk ×5 |
| 3:26 | Create | Berserk |
| 3:37 | Research | Blast Furnace |
| 3:38 | Research | Chemistry |
| 3:38 | Research | Ballistics |
| 3:39 | Research | Plate Mail Armor |
| 3:40 | Research | Bracer |
| 3:40 | Research | Ring Archer Armor |
| 4:15 | Create | Berserk ×5 |
| 4:15 | Create | Berserk ×5 |
| 4:15 | Create | Berserk ×2 |
| 4:15 | Create | Berserk ×2 |
| 5:29 | Create | Berserk ×5 |
| 5:29 | Create | Berserk ×5 |
| 5:29 | Create | Berserk ×5 |
| 5:30 | Create | Berserk ×5 |
| 5:30 | Create | Berserk ×5 |
| 5:30 | Create | Berserk ×5 |
| 5:31 | Create | Berserk ×4 |
| 5:43 | Create | Berserk ×5 |
| 5:43 | Create | Berserk ×5 |
| 5:43 | Create | Berserk ×5 |
| 5:43 | Create | Berserk ×2 |
| 7:12 | Create | Berserk ×5 |
| 7:12 | Create | Berserk ×5 |
| 7:13 | Create | Berserk ×5 |
| 7:13 | Create | Berserk ×5 |
| 7:13 | Create | Berserk ×5 |
| 7:13 | Create | Berserk ×5 |
| 7:14 | Create | Berserk ×5 |
| 7:14 | Create | Berserk ×5 |
| 7:14 | Create | Berserk ×5 |
| 7:32 | Create | Berserk ×5 |
| 7:32 | Create | Berserk ×5 |
| 7:33 | Create | Berserk ×5 |
| 7:33 | Create | Berserk ×3 |
| 10:08 | Create | Berserk ×5 |
| 10:08 | Create | Berserk ×5 |
| 10:08 | Create | Berserk ×5 |
| 10:08 | Create | Berserk ×5 |
| 10:09 | Create | Berserk ×5 |
| 10:09 | Create | Berserk ×5 |
| 10:09 | Create | Berserk ×5 |
| 10:09 | Create | Berserk ×5 |
| 10:10 | Create | Berserk ×5 |
| 10:10 | Create | Berserk ×5 |
| 10:10 | Create | Berserk ×5 |
| 10:11 | Create | Berserk ×5 |
| 10:11 | Create | Berserk ×5 |
| 10:11 | Create | Berserk ×5 |
| 10:28 | Create | Berserk ×5 |
| 10:28 | Create | Berserk ×5 |
| 10:29 | Create | Berserk ×5 |
| 10:29 | Create | Berserk ×3 |
| 12:46 | Create | Berserk ×5 |
| 12:46 | Create | Berserk ×5 |
| 12:47 | Create | Berserk ×5 |
| 12:47 | Create | Berserk ×5 |
| 12:47 | Create | Berserk ×5 |
| 12:47 | Create | Berserk ×5 |
| 12:48 | Create | Berserk ×5 |
| 12:48 | Create | Berserk ×5 |
| 12:48 | Create | Berserk ×5 |
| 12:48 | Create | Berserk ×5 |
| 12:48 | Create | Berserk ×5 |
| 12:49 | Create | Berserk ×5 |
| 14:32 | Create | Berserk ×5 |
| 14:33 | Create | Berserk ×5 |
| 14:33 | Create | Berserk ×5 |
| 14:33 | Create | Berserk ×5 |
| 14:33 | Create | Berserk ×5 |
| 14:33 | Create | Berserk ×5 |
| 14:34 | Create | Berserk ×5 |
| 16:45 | Create | Berserk ×5 |
| 16:45 | Create | Berserk ×5 |
| 16:45 | Create | Berserk ×5 |
| 16:46 | Create | Berserk ×5 |
| 16:46 | Create | Berserk ×5 |
| 16:46 | Create | Berserk ×5 |
| 16:46 | Create | Berserk ×5 |
| 16:47 | Create | Berserk ×5 |
| 16:47 | Create | Berserk ×5 |
| 16:47 | Create | Berserk ×5 |
| 16:47 | Create | Berserk ×5 |
| 16:48 | Create | Berserk ×5 |
| 16:48 | Create | Berserk ×5 |
| 16:48 | Create | Berserk ×5 |
| 17:34 | Create | Berserk ×5 |
| 17:34 | Create | Berserk ×5 |
| 17:34 | Create | Berserk ×5 |
| 17:34 | Create | Berserk ×5 |
| 17:34 | Create | Berserk ×5 |
| 17:35 | Create | Berserk ×5 |
| 20:56 | Create | Berserk ×5 |
| 20:56 | Create | Berserk ×5 |
| 20:56 | Create | Berserk ×5 |
| 20:56 | Create | Berserk ×5 |
| 20:57 | Create | Berserk ×5 |
| 20:57 | Create | Berserk ×5 |
| 20:57 | Create | Berserk ×5 |
| 20:57 | Create | Berserk ×5 |
| 20:57 | Create | Berserk ×5 |
| 20:58 | Create | Berserk ×5 |
| 20:58 | Create | Berserk ×5 |
| 23:06 | Create | Berserk ×5 |
| 23:06 | Create | Berserk ×5 |
| 23:06 | Create | Berserk ×5 |
| 23:07 | Create | Berserk ×5 |
| 23:07 | Create | Berserk ×5 |
| 25:31 | Create | Berserk ×5 |
| 25:31 | Create | Berserk ×5 |
| 25:31 | Create | Berserk ×5 |
| 25:32 | Create | Berserk ×5 |
| 25:32 | Create | Berserk ×5 |
| 25:32 | Create | Berserk ×5 |
| 25:32 | Create | Berserk ×5 |
| 25:33 | Create | Berserk ×5 |
| 29:39 | Create | Berserk ×5 |
| 29:39 | Create | Berserk ×5 |
| 29:39 | Create | Berserk ×5 |
| 29:39 | Create | Berserk ×5 |
| 29:40 | Create | Berserk ×5 |
| 29:40 | Create | Berserk ×5 |
| 29:40 | Create | Berserk ×5 |
| 29:40 | Create | Berserk ×5 |
| 31:38 | Create | Berserk ×5 |
| 31:38 | Create | Berserk ×5 |
| 31:39 | Create | Berserk ×5 |
| 31:39 | Create | Berserk ×5 |
| 31:39 | Create | Berserk ×5 |
| 31:39 | Create | Berserk ×5 |
| 31:40 | Create | Berserk ×5 |
| 31:40 | Create | Berserk |
| 32:57 | Create | Berserk ×5 |
| 32:57 | Create | Berserk ×5 |
Match timeline
| 16:13 | 开心就好 · resign |
| 19:36 | BøM_達達 · first_building Castle |
| 21:36 | BøM_達達 · first_building Siege Workshop |
| 26:35 | 中华小当家noobkill · first_building Castle |
| 37:35 | Tiger1 · first_building Siege Workshop |
| 44:25 | Jaycoolson · first_building Siege Workshop |
| 45:46 | Jaycoolson · first_building Barracks |
| 51:07 | Tiger1 · first_building Castle |
[ AI ANALYSIS · 1 CREDIT ]
What really happened in this match?
Wolo.gg analyzes every decision: build order, eco, micro, common mistakes by bracket. Personalized analysis on WhatsApp or Discord in 30 seconds.
Civ guide
Tatars
Map guide
KingTe(DaYu) v89 (Scenario)
Perfil
Tiger1